 Dungeon Crawl Stone Soup version 0.21-a0-460-g737a915 (webtiles) character file.

26 slep the Slasher (level 3, 0/20 HPs)
             Began as a Vine Stalker Monk on Nov 21, 2017.
             Succumbed to an adder's poison
             ... on level 3 of the Dungeon.
             The game lasted 00:02:04 (279 turns).

slep the Slasher (Vine Stalker Monk)                 Turns: 279, Time: 00:02:05

Health: 0/20       AC:  2    Str: 13    XL:     3   Next: 8%
Magic:  1/4        EV: 13    Int: 10    God:
Gold:   8          SH:  0    Dex: 17    Spells: 2/2 levels left

rFire    + . .     SeeInvis .   a - +0 falchion
rCold    + . .     Gourm    .   (no shield)
rNeg     . . .     Faith    .   b - +0 robe
rPois    +         Spirit   +   (no helmet)
rElec    +         Reflect  .   (no cloak)
rCorr    +         Harm     .   (no gloves)
MR       .....                  (no boots)
Stlth    ++........             (no amulet)
HPRegen  0.06/turn              (no ring)
MPRegen  0.09/turn              (no ring)

@: lethally poisoned (0 -> -9), resistant
A: fangs 2, magic shield, antimagic bite, no potion heal 3, rot immunity
a: no special abilities


You were on level 3 of the Dungeon.
You were not hungry.

You visited 1 branch of the dungeon, and saw 3 of its levels.

You collected 8 gold pieces.

Inventory:

Hand Weapons
 a - a +0 falchion (weapon)
Missiles
 h - 18 sling bullets
Armour
 b - a +0 robe (worn)
Scrolls
 f - 5 scrolls of identify {unknown}
Potions
 e - a potion of mutation {unknown}
 g - a potion of brilliance {unknown}
Comestibles
 c - a bread ration
 i - 2 chunks of flesh


   Skills:
 + Level 3.0 Fighting
 + Level 3.1 Long Blades
 + Level 2.6 Dodging
 + Level 2.7 Stealth


You had 2 spell levels left.
You didn't know any spells.

Dungeon Overview and Level Annotations

Branches:
Dungeon (3/15)

Altars:

Portals:
Sewer: D:3


Innate Abilities, Weirdness & Mutations

You have extremely sharp teeth.
When hurt, damage is shared between your health and your magic reserves.
Your bite disrupts and absorbs the magic of your enemies.
Potions cannot restore your health.
You are immune to rotting.


Message History

The adder is almost dead.
The adder closely misses you.
You closely miss the adder. Your bite misses the adder.
The adder is almost dead.
The adder misses you.
You riposte.
You miss the adder.
The adder is almost dead.
The adder bites you.
* * * LOW HITPOINT WARNING * * *
You are lethally poisoned!
The adder poisons you!
You barely miss the adder.
The adder is almost dead.
* * * LOW HITPOINT WARNING * * *
You feel sick. The adder bites you.
* * * LOW HITPOINT WARNING * * *
You are more poisoned.
The adder poisons you!
It was a potion of resistance.
You feel protected.
You die...

## . #.S ##..# ...#
#.### #...#
#########.#@#####.#
#..........S......#
#....##≈≈.≈≈##..#
#.##.##≈≈.≈≈##
#.##.≈≈...≈.≈≈..
#<##.†≈.....≈≈.!
#.##.≈≈..∩.......
#.##.≈≈≈....≈≈...
#.##.≈≈.....≈≈...


You could see an adder.

Vanquished Creatures
  A river rat (D:3)
  A goblin (D:1)
  6 hobgoblins
  2 ball pythons (D:3)
  A bat (D:1)
  A frilled lizard (D:2)
  2 kobolds (D:2)
  3 rats (D:1)
17 creatures vanquished.

Notes
Turn   | Place    | Note
-------+----------+-------------------------------------------
     0 | D:1      | slep the Vine Stalker Monk began the quest for the Orb.
     0 | D:1      | Reached XP level 1. HP: 11/11 MP: 2/2
   151 | D:1      | Reached XP level 2. HP: 11/16 MP: 3/3
   251 | D:3      | Found a glowing drain.
   264 | D:3      | Reached XP level 3. HP: 4/20 MP: 4/4
   278 | D:3      | HP: 1/20 [adder (1)]
   279 | D:3      | Succumbed to an adder's poison

Vault maps used:
D:1:      dpeg_arrival_simpleton_c, minmay_misc_feat_x
D:2:      ashenzari_altar_1, minmay_tetromino_o4
D:3:      kennysheep_vampire_church, first_bread, cheibrodos_sewer_entry_sluice

Skill      XL: |  1  2 |
---------------+-------+-----
Fighting       | 3 |  3.0
Long Blades    | 3 |  3.1
Dodging        | |  2.6
Stealth        | |  2.7

Action                   || total
-------------------------++-------
Melee: Falchion          ||    39
       Bite              ||    13
  Use: Potion            ||     1
 Stab: Sleeping          ||     4
Armor: Robe              ||     3
Dodge: Dodged            ||    25
       Rpst.: Falchion   ||    10

Table legend:
 A = Spawn XP
 B = Non-spawn XP
 C = Spawn XP percentage of total XP
 D = Spawn monster count
 E = Non-spawn monster count
 F = Spawn count percentage of total count
 G = Total turns spent on level
                    A         B        C        D         E        F      G
               +---------+---------+-------+---------+---------+-------+---------
         Total |       0 |      38 |   0.0 |       0 |      17 |   0.0 |   279
               +---------+---------+-------+---------+---------+-------+---------
           D:1 |       0 |      14 |   0.0 |       0 |       9 |   0.0 |   180
           D:2 |       0 |       8 |   0.0 |       0 |       5 |   0.0 |    68
           D:3 |       0 |      16 |   0.0 |       0 |       3 |   0.0 |    31
               +---------+---------+-------+---------+---------+-------+---------
